 Dungeon Crawl Stone Soup version 0.26.0-18-gc5c842f807 (webtiles) character file.

Game seed: 15775718654641935976

33 thiole the Magician (level 3, -4/21 HPs)
             Began as an Octopode Hedge Wizard on Jan 23, 2021.
             Killed from afar by Sigmund (9 damage)
             ... with a magic dart
             ... on level 2 of the Dungeon.
             The game lasted 00:01:18 (1356 turns).

thiole the Magician (Octopode Hedge Wizard)         Turns: 1356, Time: 00:01:18

Health: -4/21      AC:  1    Str:  9    XL:     3   Next: 29%
Magic:  2/7        EV: 13    Int: 17    God:
Gold:   39         SH:  0    Dex: 11    Spells: 7/8 levels left

rFire    . . .     SeeInvis .   a - +0 dagger
rCold    . . .     Faith    .   (no shield)
rNeg     . . .     Spirit   .   b - +0 hat
rPois    .         Reflect  .   (no amulet)
rElec    .         Harm     .   (no ring)
rCorr    .         Rampage  .   (no ring)
Will     .....                  (no ring)
Stlth    +++.......             (no ring)
HPRegen  0.07/turn              (no ring)
MPRegen  0.10/turn              (no ring)
                                (no ring)
                                (no ring)

@: no status effects
A: almost no armour, stealthy swim, amphibious, 8 rings, constrict 8, camouflage
1, gelatinous body 1
a: no special abilities


You were on level 2 of the Dungeon.
You visited 1 branch of the dungeon, and saw 2 of its levels.

You collected 39 gold pieces.

Inventory:

Hand Weapons
 a - a +0 dagger (weapon)
Armour
 b - a +0 hat (worn)
Scrolls
 c - a scroll of identify {unknown}
 d - 3 scrolls of magic mapping {unknown}
Potions
 e - a potion of lignification {unknown}


   Skills:
 - Level 2.0 Dodging
 + Level 3.2 Stealth
 + Level 3.2 Spellcasting
 * Level 1.8 Conjurations
 * Level 1.9 Summonings
 - Level 1.0 Translocations


You had 7 spell levels left.
You knew the following spells:

 Your Spells              Type           Power        Failure   Level
a - Magic Dart            Conj           32%          9%          1

Your spell library contained the following spells:

 Spells                   Type           Power        Failure   Level
 Call Imp                 Summ           9%           12%         2
 Blink                    Tloc           N/A          17%         2
 Slow                     Hex            2%           26%         2
 Conjure Flame            Conj/Fire      5%           34%         3
 Mephitic Cloud           Conj/Pois/Air  4%           38%         3


Dungeon Overview and Level Annotations

Branches:
Dungeon (2/15)

Altars:
Makhleb

Annotations:
D:2 Sigmund


Innate Abilities, Weirdness & Mutations

You cannot wear most types of armour.
You are very stealthy in the water. (Stealth+)
You are amphibious.
You can wear up to eight rings at the same time.
You can use your tentacles to constrict eight enemies at once.
Your skin changes colour to match your surroundings (Stealth+).
Your rubbery body absorbs attacks. (AC +1, EV +1)


Message History

Confirm with . or Enter, or press ? or * to list all spells.
Aiming: Magic Dart (safe; 9% risk of failure)
Press: ? - help, Shift-Dir - straight line, f/p - Sigmund
Aim: Sigmund, wielding a +0 scythe and wearing a +0 robe (lightly wounded, 0% to evade)
The magic dart hits Sigmund.
Sigmund is lightly wounded.
Casting: Magic Dart (safe; 9% risk of failure)
Confirm with . or Enter, or press ? or * to list all spells.
Aiming: Magic Dart (safe; 9% risk of failure)
Press: ? - help, Shift-Dir - straight line, f/p - Sigmund
Aim: Sigmund, wielding a +0 scythe and wearing a +0 robe (lightly wounded, 0% to evade)
The magic dart hits Sigmund but does no damage.
Sigmund is lightly wounded.
Sigmund points at you and mumbles some strange words.
The magic dart hits you!
* * * LOW HITPOINT WARNING * * *
Your magical contamination has completely faded away.
Sigmund gestures at you while chanting. The magic dart hits you!
You die...

#..#..# ..###..
..#..####.......
..#......g......
#.#..g######.##.
#†#..@(......
##<###.####### #..#
#.# #.## #.###
######.####@..####
.....[...(<.......#
#######.####.#.##.#
#.# #.#..# .. #.#
#..#.# #.# #†.._.
#.# #.##.## #.. ..#
.# ## ## .


You could see Sigmund and a goblin.

Vanquished Creatures
  3 leopard geckos (D:1)
  4 bats (D:1)
  A giant cockroach (D:1)
  4 goblins
  5 hobgoblins (D:1)
  A ball python (D:1)
  3 frilled lizards (D:1)
  4 kobolds (D:1)
  5 rats
30 creatures vanquished.

Notes
Turn   | Place    | Note
-------+----------+-------------------------------------------
     0 | D:1      | thiole the Octopode Hedge Wizard began the quest for the
                  | Orb.
     0 | D:1      | Reached XP level 1. HP: 11/11 MP: 4/4
   310 | D:1      | Reached XP level 2. HP: 12/17 MP: 3/6
   912 | D:1      | Reached XP level 3. HP: 21/21 MP: 0/7
  1334 | D:2      | Found a burning altar of Makhleb.
  1342 | D:2      | Noticed Sigmund
  1356 | D:2      | Killed from afar by Sigmund

Illustrated notes

Levels and vault maps discovered:
D:1:      minmay_arrival_three_doors, layout_basic, minmay_indecisive_spiral
D:2:      layout_loops_ring, old_standard_altar, kennysheep_slug_shrine,
          lemuel_doored_altar, nzn_hepliaklqana_mist_gate,
          nicolae_overflow_crystal_walls, grunt_qazlal_clouds,
          lemuel_crystal_altar, uniq_sigmund

Skill      XL: |  1  2 |
---------------+-------+-----
Stealth        | 3 |  3.2
Dodging        | |  2.0
Spellcasting   | |  3.2
Conjurations   | |  1.8
Summonings     | |  1.9
Translocations | |  1.0

Action                   || total
-------------------------++-------
Melee: Dagger            ||    22
       Constrict         ||     6
       Tentacles         ||     3
 Cast: Magic Dart        ||    50
Armor: Skin              ||     3
Dodge: Dodged            ||    14
